 Dungeon Crawl Stone Soup version 0.21-a0-265-gb353147 (console) character file.

86 removed the Conjurer (level 4, 30/33 HPs)
             Began as a Demigod Venom Mage on Sept 10, 2017.
             Quit the game on level 2 of the Dungeon.
             The game lasted 00:04:26 (2778 turns).

removed the Conjurer (Demigod Venom Mage)           Turns: 2778, Time: 00:04:27

Health: 30/33      AC:  3    Str: 11    XL:     4   Next: 5%
Magic:  9/9        EV: 12    Int: 21    God:
Gold:   64         SH:  0    Dex: 16    Spells: 2/6 levels left

rFire    . . .     SeeInvis .   q - +0 spear
rCold    . . .     Gourm    .   (no shield)
rNeg     + . .     Faith    +   a - +0 robe
rPois    .         Spirit   .   (no helmet)
rElec    .         Reflect  .   (no cloak)
rCorr    .         Harm     .   l - +0 pair of gloves
MR       .....                  (no boots)
Stlth    +.........             A - amulet of faith
HPRegen  0.11/turn              C - ring of loudness (curse)
MPRegen  0.11/turn              p - ring of positive energy

@: no status effects
A: high mp 1
a: no special abilities


You were on level 2 of the Dungeon.
You were not hungry.

You visited 1 branch of the dungeon, and saw 3 of its levels.

You collected 64 gold pieces.

Inventory:

Hand Weapons
 q - a +0 spear (weapon)
Armour
 a - a +0 robe (worn)
 l - a +0 pair of gloves (worn)
Jewellery
 k - a +4 ring of strength
 p - a ring of positive energy (right hand)
 w - an uncursed ring of flight
 z - an uncursed ring of protection from fire
 A - an amulet of faith (around neck)
 C - a cursed ring of loudness (left hand)
Scrolls
 n - a scroll of fog {unknown}
 s - 3 scrolls of identify {unknown}
 t - a scroll of immolation {unknown}
 y - a scroll of noise {unknown}
Potions
 h - a potion of ambrosia {unknown}
 i - a potion of curing
 o - a potion of heal wounds {unknown}
 v - 2 potions of haste {unknown}
Books
 b - a Young Poisoner's Handbook

   Spells                             Type                      Level
   a - Sting                          Conjuration/Poison           1
   b - Poisonous Vapours              Poison/Air                   2
   c - Mephitic Cloud                 Conjuration/Poison/Air       3
   d - Olgreb's Toxic Radiance        Poison                       4
   e - Venom Bolt                     Conjuration/Poison           5
Comestibles
 c - 3 bread rations
 f - 7 fruits
 j - 2 meat rations
 B - 2 chunks of flesh


   Skills:
 - Level 1.7 Dodging
 - Level 1.7 Stealth
 - Level 1.7 Spellcasting
 + Level 3.3 Conjurations
 + Level 3.2 Poison Magic


You had 2 spell levels left.
You knew the following spells:

 Your Spells              Type           Power        Failure   Level  Hunger
a - Sting                 Conj/Pois      ###.         4%          1    #......
m - Mephitic Cloud        Conj/Pois/Air  ##......     19%         3    ###....


Dungeon Overview and Level Annotations

Branches:
Dungeon (3/15)

Annotations:
D:3 Sigmund; Slowdrip's ghost, amateur HaGl


Innate Abilities, Weirdness & Mutations

You have an increased reservoir of magic. (+10% MP)


Message History

You kill the bat!
Slowdrip's ghost turns its malevolent gaze towards you.
Slowdrip's ghost hits you but does no damage.
You see here a large brass ring.
C - a large brass ring Slowdrip's ghost hits you.
There is a stone staircase leading up here.
HP restored.
Slowdrip's ghost hits you.
You climb upwards.
There is a stone staircase leading down here.
Put on which piece of jewellery? (? for menu, Esc to quit)
You're wearing all the rings you can.
Remove which one? (? for menu, Esc to cancel) < or
k - a +4 ring of strength; > or
p - a ring of positive energy You remove your +4 ring of strength.
You feel weaker.
Oops, that ring feels deathly cold.
C - a cursed ring of loudness (left hand)
Okay, then.
Are you sure you want to abandon this character and quit the game? (Confirm with "yes".)

#.......##########.#.#.##
###......................
#......#########.#.#.##
#......# #.#.#.## #......#
#...#... ###########...#
#'''###. #†............#
#...###.
##.########.#.#########...#...
#.#......#..@........#...#.#w
####.#################...#...
#...################...#.##
##.###.............#...#..)
#...##...###########...#..#
##.#####.###########...####
#...# #....'..........)....
##.## #....'.........⌠.....
#...# #....'...............


There were no monsters in sight!

Vanquished Creatures
  4 adders (D:2)
  2 worms (D:2)
  2 dart slugs (D:2)
  A leopard gecko (D:1)
  2 ball pythons
  A giant cockroach (D:1)
  4 goblins
  5 hobgoblins
  4 jackals (D:1)
  3 kobolds
  6 bats
  2 frilled lizards
  3 rats
39 creatures vanquished.

Notes
Turn   | Place    | Note
-------+----------+-------------------------------------------
     0 | D:1      | removed the Demigod Venom Mage began the quest for the Orb.
     0 | D:1      | Reached XP level 1. HP: 14/14 MP: 5/5
    12 | D:1      | Reached skill level 1 in Conjurations
   836 | D:1      | Reached XP level 2. HP: 20/20 MP: 2/7
  1411 | D:2      | Reached XP level 3. HP: 24/26 MP: 1/8
  1708 | D:2      | Found a faded altar of an unknown god.
  2568 | D:2      | Reached XP level 4. HP: 33/33 MP: 6/9
  2717 | D:3      | Noticed Sigmund
  2724 | D:2      | Learned a level 3 spell: Mephitic Cloud
  2767 | D:3      | Noticed Slowdrip's ghost (amateur HaGl)
  2778 | D:2      | Quit the game

Vault maps used:
D:1:      dpeg_arrival_tiny_g
D:2:      chequers_ecumenical_altar_simple_redux, small_statue_intersection,
          kennysheep_cross_bottleneck, minmay_misc_feat_hallway
D:3:      fountainhead, uniq_sigmund

Skill      XL: |  1  2  3 |
---------------+----------+-----
Conjurations   | 2 3 |  3.3
Poison Magic   | 3 |  3.2
Dodging        | |  1.7
Stealth        | |  1.7
Spellcasting   | |  1.7

Action                   |  1- 3 |  4- 6 || total
-------------------------+-------+-------++-------
Melee: Unarmed           |    10 |       ||    10
       Spear             |    26 |       ||    26
 Cast: Sting             |   103 |     9 ||   112
  Use: Scroll            |     2 |       ||     2
       Potion            |     1 |       ||     1
  Eat: Chunk             |     6 |     1 ||     7
Armor: Robe              |    25 |     1 ||    26
Dodge: Dodged            |    57 |       ||    57

Table legend:
 A = Spawn XP
 B = Non-spawn XP
 C = Spawn XP percentage of total XP
 D = Spawn monster count
 E = Non-spawn monster count
 F = Spawn count percentage of total count
 G = Total turns spent on level
                    A         B        C        D         E        F      G
               +---------+---------+-------+---------+---------+-------+---------
         Total |       0 |     123 |   0.0 |       0 |      39 |   0.0 |  2778
               +---------+---------+-------+---------+---------+-------+---------
           D:1 |       0 |      31 |   0.0 |       0 |      17 |   0.0 |  1431
           D:2 |       0 |      90 |   0.0 |       0 |      21 |   0.0 |  1337
           D:3 |       0 |       2 |   0.0 |       0 |       1 |   0.0 |    10
               +---------+---------+-------+---------+---------+-------+---------
